 Dungeon Crawl Stone Soup version 0.30-a0-266-g2b27a225a3 (webtiles) character file.

Game seed: 752532403712749968

5733 Ijustatesigmund the Blocker (level 10, -4/82 HPs)
             Began as a Gnoll Fighter on Oct 14, 2022.
             Killed from afar by Maggie (22 damage)
             ... with a bolt of fire
             ... on level 9 of the Dungeon.
             The game lasted 00:14:14 (8475 turns).

Ijustatesigmund the Blocker (Gnoll Fighter)         Turns: 8475, Time: 00:14:15

Health: -4/82      AC: 18    Str: 17    XL:     10   Next: 77%
Magic:  18/18      EV:  9    Int: 10    God:
Gold:   410        SH: 11    Dex: 12    Spells: 20/20 levels left

rFire   . . .      SeeInvis .    E - +4 flail
rCold   . . .      Faith    .    c - +1 buckler
rNeg    . . .      Spirit   .    b - +0 chain mail
rPois   .          Reflect  .    (no helmet)
rElec   .          Harm     .    y - +0 cloak
rCorr   .          Rampage  .    d - +0 pair of gloves
Will    .....                    (no boots)
Stlth   ..........               (no amulet)
HPRegen 0.33/turn                o - ring of wizardry
MPRegen 0.16/turn                f - +4 ring of protection

@: about to teleport
A: fangs 1, strong nose, distributed training, large bone plates 1
a: no special abilities


You were on level 9 of the Dungeon.
You visited 2 branches of the dungeon, and saw 10 of its levels.
You also visited: Sewer.

You collected 410 gold pieces.

Inventory:

Hand Weapons
 a - a +0 broad axe of electrocution
 E - a +4 flail (weapon)
Armour
 b - a +0 chain mail (worn)
 c - a +1 buckler (worn)
 d - a +0 pair of gloves (worn)
 y - a +0 cloak (worn)
Jewellery
 f - a +4 ring of protection (right hand)
 o - a ring of wizardry (left hand)
 r - a ring of fire
 D - a +6 ring of intelligence
Wands
 h - a wand of charming (15)
 m - a wand of mindburst (4)
 q - a wand of flame (28)
 B - a wand of iceblast (7)
Scrolls
 i - a scroll of enchant weapon
 j - 3 scrolls of amnesia
 u - a scroll of teleportation
 v - a scroll of acquirement {unknown}
 x - a scroll of torment {unknown}
 z - a scroll of poison
 A - 2 scrolls of identify
 C - 2 scrolls of immolation {unknown}
Potions
 e - 8 potions of curing
 g - a potion of mutation
 k - a potion of brilliance
 l - a potion of heal wounds
 p - a potion of cancellation {unknown}
 s - 3 potions of flight {unknown}
 t - 2 potions of resistance {unknown}
 w - 2 potions of magic {unknown}


   Skills:
 + Level 8.8 Fighting
 + Level 5.8 Short Blades
 + Level 5.8 Long Blades
 + Level 7.5 Axes
 + Level 5.8 Maces & Flails
 + Level 5.8 Polearms
 + Level 5.8 Staves
 + Level 5.8 Ranged Weapons
 + Level 5.8 Throwing
 + Level 8.8 Armour
 + Level 5.8 Dodging
 + Level 5.8 Stealth
 + Level 8.8 Shields
 + Level 5.8 Unarmed Combat
 + Level 5.8 Spellcasting
 + Level 4.8 Conjurations
 + Level 4.8 Hexes
 + Level 4.8 Summonings
 + Level 4.8 Necromancy
 + Level 4.8 Translocations
 + Level 4.8 Transmutations
 + Level 4.8 Fire Magic
 + Level 4.8 Ice Magic
 + Level 4.8 Air Magic
 + Level 4.8 Earth Magic
 + Level 4.8 Poison Magic
 + Level 6.3 Invocations
 + Level 5.8 Evocations


You had 20 spell levels left.
You didn't know any spells.
Your spell library contained the following spells:

 Spells                   Type           Power      Damage    Failure   Level
 Apportation              Tloc           24%        N/A       16%         1
 Foxfire                  Conj/Fire      48%        2x1d6     16%         1
 Necrotise                Necr           48%        1d6       16%         1
 Sandblast                Erth           24%        2d8       16%         1
 Summon Small Mammal      Summ           48%        N/A       16%         1
 Cigotuvi's Dreadful Rot  Necr/Pois/Air  24%        N/A       22%         2
 Passwall                 Tmut/Erth      10%        N/A       22%         2
 Poisonous Vapours        Pois/Air       24%        N/A       22%         2
 Static Discharge         Conj/Air       24%        2-3/arc   22%         2
 Gell's Gravitas          Tloc           12%        N/A       41%         3
 Inner Flame              Hex/Fire       12%        N/A       41%         3
 Lesser Beckoning         Tloc           24%        N/A       41%         3
 Mephitic Cloud           Conj/Pois/Air  12%        N/A       41%         3
 Stone Arrow              Conj/Erth      24%        3d8       41%         3
 Teleport Other           Tloc           12%        N/A       41%         3
 Vhi's Electric Charge    Tloc/Air       24%        N/A       41%         3
 Cause Fear               Hex            6%         N/A       80%         4
 Passage of Golubria      Tloc           12%        N/A       80%         4
 Arcjolt                  Conj/Air       6%         1d16      98%         5
 Fireball                 Conj/Fire      6%         3d5       98%         5
 Lightning Bolt           Conj/Air       6%         1d18      98%         5
 Silence                  Hex/Air        6%         N/A       98%         5
 Starburst                Conj/Fire      6%         6d4       100%        6
 Discord                  Hex            6%         N/A       100%        8
 Lehudib's Crystal Spear  Conj/Erth      6%         10d3      100%        8


Dungeon Overview and Level Annotations

Branches:
Dungeon (9/15)             Temple (1/1) D:4            Lair (0/5) D:9
  Sewer (visited)
    Orc: D:9-12

Altars:
Dithmenos
Elyvilon
Fedhas
Gozag
Hepliaklqana
Kikubaaqudgha
Makhleb
Nemelex Xobeh
Okawaru
Qazlal
Ru
Sif Muna
Trog
Uskayaw
Vehumet
Xom
Yredelemnul
Zin
The Shining One

Shops:
D:7 *

Annotations:
D:9 Maggie


Innate Abilities, Weirdness & Mutations

You have very sharp teeth.
Your uncanny sense of smell can sniff out nearby items.
Your experience applies equally to all skills.
You are partially covered in large bone plates. (SH +4)


Message History

Something hits your kobold brigand.
You don't have any such object.
Evoke which item? (* to show all) (? for menu, Esc to quit)
Okay, then.
Aiming: Iceblast
Press: ? - help, Shift-Dir - straight line, f/p - killer bee
Aim: a killer bee (almost dead, ally target)
The mass of ice explodes!
The iceblast engulfs the killer bee!!
You kill the killer bee!
Unknown command.
A killer bee comes into view.
The killer bee stings your kobold brigand.
The killer bee stings your kobold brigand but does no damage.
Your kobold brigand completely misses the killer bee.
Something stings your kobold brigand!
Your kobold brigand dies!
Your kobold brigand's corpse dissolves into shadows!
Aiming: Iceblast
Press: ? - help, Shift-Dir - straight line, f - gnoll
Aim: a gnoll, wielding a +0 whip (severely wounded, very poisoned)
The mass of ice explodes!
The iceblast engulfs the gnoll!!
You kill the gnoll!
The iceblast engulfs the killer bee!!
You kill the killer bee!
You hear a shout!
You start resting.
A gnoll comes into view. It is wielding a +0 spear.
Aiming: Iceblast
Press: ? - help, Shift-Dir - straight line, f - you
Okay, then.
Aiming: Iceblast
Press: ? - help, Shift-Dir - straight line The mass of ice explodes!
The iceblast engulfs the gnoll!
You kill the gnoll!
Maggie the Vainglorious comes into view.
She is wielding a +0 broad axe and carrying a wand of charming (2).
As you read the scroll of teleportation, it crumbles to dust.
You feel strangely unstable.
Maggie points at you and mumbles some strange words.
The bolt of fire hits you!!
You die...

#.......>.# # ##.........#
............ .###..........#
........... ..............#
............. ..............# ∆
##............ .g......††....###
+............. .g).)g..†.......##
#..... .....##
....y..###).)....###.@..###....##
...Y..## ##.....@........#.....##
......# #....................##
......#♣ #....................##
..#.≈~..♣...≈....................
.##♣...~~~.~..≈≈≈≈≈≈≈............
...~.~~.≈~~~~...................#
...≈...♣.≈..~.#................##
...~≈..~≈.≈~≈.##..............##
.......~.≈~...#..[...........##


You could see Maggie.

Vanquished Creatures
  A two-headed ogre (D:8)
  A wyvern (D:8)
  7 yaks
  A vampire (D:9)
  A wraith (D:8)
  Edmund (D:4)
  Duvessa (D:6)
  An ice beast (D:8)
  2 water moccasins
  3 ogres
  A black bear (D:5)
  6 kobold brigands
  A necrophage (D:8)
  A bullfrog (D:7)
  3 scorpions
  4 wights (D:8)
  Dowan (D:6)
  13 killer bees
  3 howler monkeys (D:5)
  2 jellies
  A hound (D:5)
  An orc priest (D:5)
  4 iguanas
  3 orc wizards
  3 gnolls (D:9)
  11 adders
  4 river rats
  A shadow imp (D:5)
  2 white imps
  2 ufetubi
  4 worms
  2 dart slugs
  20 orcs
  6 bats
  12 endoplasms
  4 giant cockroaches
  10 hobgoblins
  3 jackals
  2 quokkas
  14 ball pythons
  A frilled lizard (D:1)
  10 goblins
  20 kobolds
  12 rats
  A bush (Temple)
207 creatures vanquished.

Vanquished Creatures (collateral kills)
  3 yaks (D:9)
  2 killer bees (D:9)
  A gnoll bouda (D:9)
  2 gnolls (D:9)
8 creatures vanquished.

Grand Total: 215 creatures vanquished

Notes
Turn   | Place    | Note
-------+----------+-------------------------------------------
     0 | D:1      | Ijustatesigmund the Gnoll Fighter began the quest for the
                  | Orb.
     0 | D:1      | Reached XP level 1. HP: 23/23 MP: 1/1
   152 | D:1      | Reached XP level 2. HP: 29/29 MP: 2/2
   500 | D:1      | Reached XP level 3. HP: 35/35 MP: 3/3
   750 | D:2      | Reached skill level 1 in Invocations
   890 | D:2      | Reached skill level 1 in Short Blades
   890 | D:2      | Reached skill level 1 in Long Blades
   890 | D:2      | Reached skill level 1 in Maces & Flails
   890 | D:2      | Reached skill level 1 in Polearms
   890 | D:2      | Reached skill level 1 in Staves
   890 | D:2      | Reached skill level 1 in Ranged Weapons
   890 | D:2      | Reached skill level 1 in Throwing
   890 | D:2      | Reached skill level 1 in Dodging
   890 | D:2      | Reached skill level 1 in Stealth
   890 | D:2      | Reached skill level 1 in Unarmed Combat
   890 | D:2      | Reached skill level 1 in Spellcasting
   890 | D:2      | Reached skill level 1 in Evocations
  1112 | D:2      | Found a faded altar of an unknown god.
  1178 | D:2      | Gained mutation: You are partially covered in large bone
                  | plates. (SH +4) [potion of mutation]
  1406 | D:2      | Reached XP level 4. HP: 41/41 MP: 5/5
  1638 | D:3      | Found a basalt altar of Yredelemnul.
  1727 | D:3      | Found a glowing golden altar of the Shining One.
  1768 | D:3      | Found a hazy altar of Hepliaklqana.
  1842 | D:3      | Reached skill level 1 in Conjurations
  1842 | D:3      | Reached skill level 1 in Hexes
  1842 | D:3      | Reached skill level 1 in Summonings
  1842 | D:3      | Reached skill level 1 in Necromancy
  1842 | D:3      | Reached skill level 1 in Translocations
  1842 | D:3      | Reached skill level 1 in Transmutations
  1842 | D:3      | Reached skill level 1 in Fire Magic
  1842 | D:3      | Reached skill level 1 in Ice Magic
  1842 | D:3      | Reached skill level 1 in Air Magic
  1842 | D:3      | Reached skill level 1 in Earth Magic
  1842 | D:3      | Reached skill level 1 in Poison Magic
  1989 | D:3      | Found a sparkling altar of Nemelex Xobeh.
  2095 | D:4      | Found a shimmering altar of Xom.
  2099 | D:4      | Found a shimmering altar of Xom.
  2099 | D:4      | Found a shimmering altar of Xom.
  2099 | D:4      | Found a shimmering altar of Xom.
  2104 | D:4      | Found a shimmering altar of Xom.
  2108 | D:4      | Found a shimmering altar of Xom.
  2108 | D:4      | Found a shimmering altar of Xom.
  2188 | D:4      | Found a staircase to the Ecumenical Temple.
  2228 | Temple   | Entered the Ecumenical Temple
  2470 | D:4      | Reached XP level 5. HP: 44/47 MP: 5/7
  2866 | D:4      | Noticed Edmund
  2881 | D:4      | Killed Edmund
  2882 | D:4      | Reached skill level 5 in Axes
  2882 | D:4      | Reached XP level 6. HP: 22/53 MP: 7/9
  3083 | D:5      | Entered Level 5 of the Dungeon
  3342 | D:5      | Reached XP level 7. HP: 60/60 MP: 10/10
  3374 | D:5      | Found a glowing drain.
  3378 | Sewer    | Entered a sewer
  4138 | Sewer    | Reached XP level 8. HP: 35/67 MP: 12/12
  5457 | D:6      | Noticed Dowan
  5458 | D:6      | Noticed Duvessa
  5470 | D:6      | Killed Duvessa
  5471 | D:6      | Reached XP level 9. HP: 62/73 MP: 14/14
  5479 | D:6      | Killed Dowan
  5699 | D:7      | Found Dacior's CLEARANCE SALE!.
  6677 | D:8      | Noticed a two-headed ogre
  6689 | D:8      | Killed a two-headed ogre
  6690 | D:8      | Reached skill level 5 in Invocations
  6881 | D:8      | Found an ancient bone altar of Kikubaaqudgha.
  6903 | D:8      | Found a stormy altar of Qazlal.
  6903 | D:8      | Found a glowing silver altar of Zin.
  7018 | D:8      | Found a shimmering blue altar of Sif Muna.
  7108 | D:8      | Reached skill level 5 in Short Blades
  7108 | D:8      | Reached skill level 5 in Long Blades
  7108 | D:8      | Reached skill level 5 in Maces & Flails
  7108 | D:8      | Reached skill level 5 in Polearms
  7108 | D:8      | Reached skill level 5 in Staves
  7108 | D:8      | Reached skill level 5 in Ranged Weapons
  7108 | D:8      | Reached skill level 5 in Throwing
  7108 | D:8      | Reached skill level 5 in Dodging
  7108 | D:8      | Reached skill level 5 in Stealth
  7108 | D:8      | Reached skill level 5 in Unarmed Combat
  7108 | D:8      | Reached skill level 5 in Spellcasting
  7108 | D:8      | Reached skill level 5 in Evocations
  7108 | D:8      | Reached XP level 10. HP: 60/81 MP: 17/17
  8393 | D:9      | Found a staircase to the Lair.
  8474 | D:9      | Noticed Maggie
  8475 | D:9      | Killed from afar by Maggie

Illustrated notes

Levels and vault maps discovered:
D:1:      minmay_arrival_nine_rooms, layout_loops_ring,
          chequers_serial_rivers_micro_e
D:2:      layout_loops_cross, hellmonk_ecumenical_altar_prayer_group
D:3:      layout_rooms, old_standard_altar, tso_altar,
          nemelex_dance_club_becter, mainiacjoe_overflow_surrounded_room
D:4:      layout_basic, nicolae_xom_altar_mimics,
          minmay_temple_entry_glassed_door, uniq_edmund
D:5:      minmay_diamond_boxcup, layout_basic, gup_sewer_entry_bowl
D:6:      layout_gridville, uniq_duvessa
D:7:      corexii_shack_village, layout_cave_pools, nicolae_shop_clearance
D:8:      minmay_inner_zag, layout_cave_pools, mainiacjoe_overflow_24_doors,
          led_sif_pool, gammafunk_temple_overflow_statue, serial_rivers,
          chequers_serial_rivers_room_b, chequers_serial_rivers_micro_d,
          chequers_serial_rivers_micro_d, chequers_serial_rivers_marsh
D:9:      layout_big_octagon, serial_rivers, chequers_serial_rivers_small_a,
          chequers_serial_rivers_micro_e, chequers_serial_rivers_marsh,
          chequers_serial_rivers_room_a, chequers_serial_rivers_micro_b,
          chequers_serial_rivers_room_b, uniq_maggie
Temple:   cyrus_temple_forest

Skill      XL: |  1  2  3  4  5  6  7  8  9 10 |
---------------+-------------------------------+-----
Invocations    | 1 2 3 4 5 6 |  6.3
Short Blades   | 1 2 3 5 |  5.8
Long Blades    | 1 2 3 5 |  5.8
Maces & Flails | 1 2 3 5 |  5.8
Polearms       | 1 2 3 5 |  5.8
Staves         | 1 2 3 5 |  5.8
Ranged Weapons | 1 2 3 5 |  5.8
Throwing       | 1 2 3 5 |  5.8
Dodging        | 1 2 3 5 |  5.8
Stealth        | 1 2 3 5 |  5.8
Unarmed Combat | 1 2 3 5 |  5.8
Spellcasting   | 1 2 3 5 |  5.8
Evocations     | 1 2 3 5 |  5.8
Conjurations   | 1 2 3 4 |  4.8
Hexes          | 1 2 3 4 |  4.8
Summonings     | 1 2 3 4 |  4.8
Necromancy     | 1 2 3 4 |  4.8
Translocations | 1 2 3 4 |  4.8
Transmutations | 1 2 3 4 |  4.8
Fire Magic     | 1 2 3 4 |  4.8
Ice Magic      | 1 2 3 4 |  4.8
Air Magic      | 1 2 3 4 |  4.8
Earth Magic    | 1 2 3 4 |  4.8
Poison Magic   | 1 2 3 4 |  4.8
Axes           | 5 6 7 |  7.5
Fighting       | 7 8 |  8.8
Armour         | 7 8 |  8.8
Shields        | 7 8 |  8.8

Action                   |  1- 3 |  4- 6 |  7- 9 | 10-12 || total
-------------------------+-------+-------+-------+-------++-------
Melee: War axe           |    88 |   109 |       |       ||   197
       Bite              |     6 |    15 |    31 |    23 ||    75
       Broad axe         |       |    36 |   342 |       ||   378
       Flail             |       |       |    19 |   165 ||   184
Evoke: Wand              |       |       |     4 |    10 ||    14
  Use: Scroll            |     8 |     7 |     1 |     2 ||    18
       Potion            |     1 |     2 |     4 |     2 ||     9
Armor: Scale mail        |    40 |    26 |       |       ||    66
       Chain mail        |       |    26 |   178 |   109 ||   313
Dodge: Dodged            |    28 |    30 |    93 |    66 ||   217
Block: Buckler           |    32 |    51 |   211 |   158 ||   452

Table legend: (Time is in decaauts)
 A = Elapsed time spent in this place.
 B = Non-inter-level travel time spent in this place.
 C = Inter-level travel time spent in this place.
 D = Time resting spent in this place.
 E = Time spent auto-exploring this place.
 F = Levels seen in this place.
 G = Mean time per level.
                   A        B        C        D        E       F      G
               +--------+--------+--------+--------+--------+-----+--------+
         Total |   8865 |   8628 |    237 |   1467 |   5368 |  11 |  805.9 |
       Dungeon |   7428 |   7222 |    206 |   1172 |   4640 |   9 |  825.3 |
        Temple |    156 |    125 |     31 |      0 |     51 |   1 |  156.0 |
         Sewer |   1280 |   1280 |      0 |    295 |    676 |   1 | 1280.0 |
               +--------+--------+--------+--------+--------+-----+--------+

Top non-repeatable levels by time:
     D:8: 1593 daAuts
   Sewer: 1280 daAuts
     D:5: 953 daAuts
     D:7: 939 daAuts
     D:4: 917 daAuts
     D:2: 770 daAuts
     D:1: 751 daAuts
     D:6: 619 daAuts
     D:3: 551 daAuts
     D:9: 333 daAuts
  Temple: 156 daAuts
